 Dungeon Crawl Stone Soup version 0.20-a0-555-gf6ae02d (webtiles) character file.

3776 M4edhros the Covert (level 10, -4/71 HPs)
             Began as an Octopode Artificer on Feb 8, 2017.
             Was an Elder of Fedhas.
             Slain by an orc warrior
             ... wielding a +0 trident
              (21 damage)
             ... on level 9 of the Dungeon.
             The game lasted 00:12:19 (8863 turns).

M4edhros the Covert (Octopode Artificer)            Turns: 8863, Time: 00:12:20

Health: -4/71      AC:  3    Str: 17    XL:     10   Next: 16%
Magic:  23/23      EV: 17    Int: 14    God:    Fedhas [****..]
Gold:   395        SH:  0    Dex: 15    Spells: 11/15 levels left

rFire    . . .     SeeInvis +   J - +7 hand axe of the Soothsayer {venom, -Tele MR+ MP+9 Str+7}
rCold    + . .     Gourm    .   (no shield)
rNeg     . . .     Faith    .   (helmet restricted)
rPois    .         Spirit   .   U - amulet of harm
rElec    .         Reflect  .   C - ring of resist corrosion
rCorr    +         Harm     +   (no ring)
MR       +....     NoTele   +   (no ring)
Stlth    +++++.....             (no ring)
Regen    0.3/turn               (no ring)
                                (no ring)
                                (no ring)
                                (no ring)

@: no status effects
A: almost no armour, stealthy swim, amphibious, 8 rings, constrict 8, repulsion
field 1, molten scales 1, camouflage 1, see invisible, cold resistance 1,
mutation resistance 1, robust 1, weak 1, gelatinous body 1, subdued magic 1
a: Fungal Bloom, Evolution, Sunlight, Growth, Reproduction, Renounce Religion


You were on level 9 of the Dungeon.
You worshipped Fedhas.
Fedhas was greatly pleased with you.
You were hungry.

You visited 1 branch of the dungeon, and saw 9 of its levels.
You also visited: Sewer.

You collected 395 gold pieces.

Inventory:

Hand Weapons
 a - a +0 short sword
 i - a +0 hunting sling
 j - a +1 vampiric hand axe
 l - a +0 hunting sling
 G - a +1 war axe of venom
 J - the +7 hand axe of the Soothsayer (weapon) {venom, -Tele MR+ MP+9 Str+7}
   (You found it on level 5 of the Dungeon)

   It poisons the flesh of those it strikes.
   It affects your strength (+7).
   It affects your resistance to hostile enchantments.
   It affects your magic capacity (+9).
   It prevents most forms of teleportation.
 M - the +3 mace of the Desolation of Salt {speed, rPois rN+ Dex+2}
   (You found it on level 6 of the Dungeon)

   Attacks with this weapon are significantly faster.
   It affects your dexterity (+2).
   It protects you from poison.
   It protects you from negative energy.
 O - a +0 blowgun
Missiles
 k - 278 stones (quivered)
 P - 9 poisoned needles
Jewellery
 C - a ring of resist corrosion (left tentacle)
 U - an amulet of harm (around mantle)
Wands
 b - a wand of flame (7/48)
 c - a wand of enslavement (3/24)
 d - a wand of random effects (2/48)
 m - a wand of disintegration (6/24)
 B - a wand of polymorph (8/24)
 T - a wand of digging (9/24)
Scrolls
 h - 3 scrolls of enchant armour {unknown}
 q - a scroll of random uselessness {unknown}
 s - a scroll of immolation {unknown}
 x - 2 scrolls of remove curse {unknown}
 y - 2 scrolls of blinking {unknown}
 z - 2 scrolls of recharging {unknown}
 A - 5 scrolls of identify {unknown}
 F - a scroll of noise {unknown}
 H - a scroll of magic mapping {unknown}
 I - a scroll of amnesia {unknown}
 K - 2 scrolls of teleportation {unknown}
 Q - a scroll of summoning {unknown}
 R - a scroll of enchant weapon {unknown}
Potions
 n - 6 potions of curing {unknown}
 o - 4 potions of flight
 p - 5 potions of heal wounds
 t - 4 potions of haste {unknown}
 u - a potion of cure mutation {unknown}
 v - 2 potions of cancellation {unknown}
 w - a potion of agility {unknown}
 E - a potion of ambrosia {unknown}
 N - a potion of brilliance {unknown}
 S - a potion of degeneration {unknown}
Books
 e - a book of Geomancy

   Spells                             Type                      Level
   a - Sandblast                      Earth                        1
   b - Passwall                       Transmutation/Earth          2
   c - Stone Arrow                    Conjuration/Earth            3
   d - Petrify                        Transmutation/Earth          4
   e - Lee's Rapid Deconstruction     Earth                        5
 L - a book of Callings

   Spells                             Type                      Level
   a - Summon Small Mammal            Summoning                    1
   b - Call Imp                       Summoning                    2
   c - Call Canine Familiar           Summoning                    3
   d - Summon Guardian Golem          Hexes/Summoning              3
   e - Summon Lightning Spire         Summoning/Air                4
   f - Summon Ice Beast               Ice/Summoning                4
Comestibles
 f - 5 bread rations
 g - 2 fruits
 r - 6 meat rations
 D - 6 royal jellies


   Skills:
 + Level 4.4 Fighting
 - Level 1.0 Short Blades
 * Level 5.6 Slings
 + Level 4.5 Dodging
 + Level 8.7 Stealth
 * Level 3.1 Spellcasting
 * Level 3.5 Summonings
 * Level 3.3 Air Magic
 * Level 6.1 Invocations
 + Level 6.1 Evocations


You had 11 spell levels left.
You knew the following spells:

 Your Spells              Type           Power        Failure   Level  Hunger
a - Summon Lightning Spi  Summ/Air       #.......     54%         4    #####..


Dungeon Overview and Level Annotations

Branches:
Dungeon (9/15)             Temple (0/1) D:5            Lair (0/6) D:8
    Orc: D:9-12

Altars:
Fedhas
Hepliaklqana
Qazlal
Ru
Trog
Uskayaw
Vehumet
Xom

Shops:
D:5 (


Innate Abilities, Weirdness & Mutations

You cannot wear most types of armour.
You are very stealthy in the water. (Stealth+)
You are amphibious.
You can wear up to eight rings at the same time.
You can use your tentacles to constrict eight enemies at once.
Your skin changes colour to match your surroundings (Stealth+).
Your rubbery body absorbs attacks. (AC +1, EV +1)
You are surrounded by a mild repulsion field. (EV +2)
You are partially covered in molten scales. (AC +2)
You have supernaturally acute eyesight. (SInv)
Your flesh is cold resistant. (rC+)
You are somewhat resistant to further mutation.
You are robust. (+10% HP)
You are weak. (Str -2)
Your spells are a little easier to cast, but a little less powerful.


Message History

Aim: an orc warrior, wielding a trident and wearing a shiny chain mail Attack!
Your wandering mushroom misses the orc warrior.
The orc warrior throws an exploding tomahawk.
The exploding tomahawk hits you.
The exploding tomahawk explodes!
The explosion of tomahawk fragments engulfs you!
Your wandering mushroom barely misses the orc warrior.
Your wandering mushroom releases spores at the orc warrior but does no damage.
Your wandering mushroom barely misses the orc warrior.
The orc warrior hits you from afar with a trident!!
* * * LOW HITPOINT WARNING * * *
Evoke which item? (* to show all) (? for menu, Esc to quit)
Aiming: Disintegrate (will waste charges)
Press: ? - help, Shift-Dir - straight line, f/p - orc warrior
Aim: an orc warrior, wielding a trident and wearing a shiny chain mail (chance to defeat MR: 85%)
The orc warrior resists with significant effort.
Evoking this partially-identified wand wasted a few charges.
The orc warrior hits you from afar with a trident!!
You die...
Fedhas appreciates your contribution to the ecosystem.

#.......# #.......#
#.......# #.......#
#(......# #.......#
#.......# #.......#
#..@....# #.......#
#....o..# #.......#
#...f...# #.รท..)).#
########....f..###########
..............<...........
.......>............>.....


You could see an orc warrior and 2 friendly wandering mushrooms.

Vanquished Creatures
  A human (D:7)
  2 yaks (D:9)
  Eustachio (D:4)
  2 hogs (D:7)
  An ogre (D:6)
  2 big kobolds
  Blork the orc (D:4)
  8 bullfrogs
  5 scorpions
  3 wights (D:8)
  6 crimson imps
  A gnoll shaman (D:6)
  5 hounds
  A jelly (D:6)
  3 orc priests
  3 orc wizards
  3 bullfrog skeletons
  Terence (D:2)
  Natasha (thrice) (D:2)
  4 worker ants
  Robin (D:4)
  2 gnolls
  4 adders
  A river rat (Sewer)
  An ooze (D:4)
  2 adder skeletons
  6 worms
  2 dart slugs
  7 leopard geckos
  27 orcs
  6 bats
  5 giant cockroaches
  10 goblins
  4 hobgoblins
  7 jackals
  7 quokkas
  3 ball pythons
  A ball python skeleton (D:6)
  5 frilled lizards
  21 kobolds
  A quokka skeleton (D:5)
  12 rats
191 creatures vanquished.

Vanquished Creatures (collateral kills)
  A hog (D:7)
  Grinder (D:4)
  A hippogriff (D:8)
  3 yaks (D:9)
  An ice beast (D:8)
  An ogre (D:9)
  A water moccasin skeleton (D:4)
  A wight (D:8)
  A howler monkey (D:5)
  A quasit (D:9)
  A centaur skeleton (D:9)
  An orc priest (D:5)
  An orc wizard (D:9)
  A hound skeleton (D:5)
  2 gnolls (D:6)
  2 adders
  A river rat (D:5)
  4 orcs
  A bat (D:3)
  A giant cockroach (D:5)
  2 goblins (D:5)
  A hobgoblin (D:3)
  4 jackals
  A ball python (D:5)
  A leopard gecko skeleton (D:4)
  A rat (D:5)
37 creatures vanquished.

Vanquished Creatures (others)
  A yak (D:9)
  A hog (D:7)
  2 worker ant zombies
  An orc (D:9)
  A goblin (D:5)
  2 wandering mushrooms
  186 toadstools
194 creatures vanquished.

Grand Total: 422 creatures vanquished

Notes
Turn   | Place    | Note
-------+----------+-------------------------------------------
     0 | D:1      | M4edhros the Octopode Artificer began the quest for the Orb.
     0 | D:1      | Reached XP level 1. HP: 13/13 MP: 3/3
    53 | D:1      | Reached skill level 2 in Stealth
    66 | D:2      | Reached skill level 3 in Stealth
    66 | D:2      | Reached XP level 2. HP: 18/18 MP: 4/4
   347 | D:2      | Noticed Natasha
   356 | D:2      | Killed Natasha
   356 | D:2      | Reached skill level 4 in Stealth
   356 | D:2      | Reached XP level 3. HP: 11/23 MP: 5/5
   397 | D:2      | Noticed Terence
   406 | D:2      | Killed Terence
   406 | D:2      | Reached skill level 5 in Stealth
   406 | D:2      | Reached XP level 4. HP: 18/28 MP: 6/6
   857 | D:4      | Noticed Robin
   868 | D:5      | Entered Level 5 of the Dungeon
   880 | D:5      | Found a blossoming altar of Fedhas.
   912 | D:5      | Became a worshipper of Fedhas Madash
   958 | D:5      | Reached XP level 5. HP: 12/33 MP: 7/7
   980 | D:5      | Found a glowing drain.
  1015 | Sewer    | Entered a sewer
  1242 | Sewer    | Noticed a big kobold
  1267 | Sewer    | Killed a big kobold
  1267 | Sewer    | Reached skill level 1 in Slings
  1267 | Sewer    | Reached skill level 6 in Stealth
  1396 | Sewer    | Found a glowing silver altar of Zin.
  1456 | D:5      | Found a staircase to the Ecumenical Temple.
  1480 | D:5      | Reached XP level 6. HP: 38/39 MP: 7/9
  1555 | D:5      | Reached * piety under Fedhas
  1656 | D:4      | Killed Robin
  2228 | D:1      | Reached ** piety under Fedhas
  2384 | D:2      | Found a stormy altar of Qazlal.
  2416 | D:2      | Noticed Natasha
  2422 | D:2      | Killed Natasha
  2666 | D:2      | Found a radiant altar of Vehumet.
  2666 | D:2      | Found a sacrificial altar of Ru.
  2672 | D:2      | Found a blossoming altar of Fedhas.
  2674 | D:2      | Found a hide-covered altar of Uskayaw.
  2676 | D:2      | Found a shimmering altar of Xom.
  2765 | D:2      | Noticed Natasha
  2776 | D:2      | Killed Natasha
  3031 | D:3      | Reached *** piety under Fedhas
  3040 | D:3      | Reached XP level 7. HP: 19/45 MP: 10/10
  3051 | D:3      | Reached skill level 1 in Invocations
  3431 | D:4      | Noticed Grinder
  3435 | D:4      | Killed Grinder
  3435 | D:4      | Reached skill level 7 in Stealth
  3667 | D:4      | Found a hazy altar of Hepliaklqana.
  3721 | D:4      | Noticed Eustachio
  3734 | D:4      | Killed Eustachio
  3778 | D:4      | Noticed Blork the orc
  3785 | D:4      | Reached XP level 8. HP: 31/52 MP: 11/11
  3790 | D:4      | Killed Blork the orc
  4544 | D:5      | Found Xaryocyo's Weapon Boutique.
  4751 | D:5      | Reached skill level 5 in Evocations
  4875 | D:5      | Reached **** piety under Fedhas
  4903 | D:5      | Got a warped hand axe
  4904 | D:5      | Identified the +7 hand axe of the Soothsayer {venom, -Tele MR+ MP+9 Str+7} (You found it on level 5 of the Dungeon)
  5685 | D:6      | Gained mutation: You are partially covered in molten scales. (AC +2) [potion of mutation]
  5685 | D:6      | Gained mutation: You have supernaturally acute eyesight. (SInv) [potion of mutation]
  5689 | D:6      | Gained mutation: Your spells are a little easier to cast, but a little less powerful. [potion of mutation]
  5689 | D:6      | Gained mutation: You are robust. (+10% HP) [potion of mutation]
  5690 | D:6      | Gained mutation: You are weak. (Str -2) [potion of mutation]
  5690 | D:6      | Gained mutation: Your flesh is cold resistant. (rC+) [potion of mutation]
  5690 | D:6      | Gained mutation: You are surrounded by a mild repulsion field. (EV +2) [potion of mutation]
  5691 | D:6      | Gained mutation: You are somewhat resistant to further mutation. [potion of mutation]
  5810 | D:6      | Learned a level 4 spell: Summon Lightning Spire
  5811 | D:6      | Found a bloodstained altar of Trog.
  5849 | D:6      | Got a pitted mace
  5850 | D:6      | Identified the +3 mace of the Desolation of Salt {speed, rPois rN+ Dex+2} (You found it on level 6 of the Dungeon)
  5934 | D:6      | Reached skill level 1 in Spellcasting
  5934 | D:6      | Reached skill level 1 in Summonings
  5983 | D:6      | Reached XP level 9. HP: 23/63 MP: 13/13
  6302 | D:6      | Reached skill level 1 in Air Magic
  6517 | D:7      | Reached skill level 5 in Invocations
  6747 | D:7      | Reached skill level 8 in Stealth
  6919 | D:7      | Reached skill level 5 in Slings
  7729 | D:8      | Found a stormy altar of Qazlal.
  8288 | D:8      | Found a staircase to the Lair.
  8289 | D:8      | Noticed a komodo dragon
  8438 | D:9      | Reached XP level 10. HP: 9/71 MP: 14/14
  8863 | D:9      | Slain by an orc warrior

Vault maps used:
D:1:      doesnt_arrival_goblin_jail, serial_corexii_hall,
          corexii_hall_statues_i, corexii_hall_statues_x,
          corexii_hall_statues_t, corexii_hall_statues_l, st_stairs_8
D:2:      marbit_many_paths, chequers_temple_overflow_minitemple,
          serial_bayou_lake_a, uniq_natasha, uniq_terence
D:3:      first_bread
D:4:      old_standard_altar, uniq_eustachio, uniq_blork_the_orc, uniq_robin,
          uniq_grinder
D:5:      minmay_temple_entry_overgrown, serial_shops,
          nicolae_shop_competitors_out_of_business, portal_sewer_entry_b,
          basic_altar, st_stairs_5, grunt_ministairs_8
D:6:      old_standard_altar, minmay_fountain_box, bh_walls_and_bars
D:7:      grunt_livestock
D:8:      david_lair_shrubbed, nicolae_qazlal_general_emergency
D:9:      david_orc_4, serial_park_tiny_pond, uniq_maurice
Sewer:    sewer_kobolds

Skill      XL: |  1  2  3  4  5  6  7  8  9 10 |
---------------+-------------------------------+-----
Stealth        | 3 4 5 6 7 8 |  8.7
Slings         | 2 3 4 5 |  5.6
Evocations     | 4 5 6 |  6.1
Fighting       | 2 3 4 |  4.4
Invocations    | 3 4 6 |  6.1
Dodging        | 3 4 |  4.5
Spellcasting   | 1 2 3 |  3.1
Summonings     | 1 3 |  3.5
Air Magic      | 2 3 |  3.3
Short Blades   | |  1.0

Action                   |  1- 3 |  4- 6 |  7- 9 | 10-12 || total
-------------------------+-------+-------+-------+-------++-------
Melee: Short sword       |    19 |   176 |   122 |       ||   317
       Tentacles         |     7 |    26 |    54 |     1 ||    88
       Constrict         |     6 |    43 |    75 |     1 ||   125
       Hand axe          |       |       |    55 |     5 ||    60
       Mace              |       |       |    93 |       ||    93
Invok: Fungal Bloom      |       |    36 |    49 |     2 ||    87
       Evolution         |       |     1 |     3 |       ||     4
       Sunlight          |       |       |     2 |       ||     2
Evoke: Wand              |       |    15 |     7 |    12 ||    34
  Use: Potion            |       |       |     7 |       ||     7
 Stab: Sleeping          |     4 |    16 |    15 |       ||    35
       Distracted        |       |     1 |     2 |       ||     3
       Confused          |       |       |     1 |       ||     1
  Eat: Chunk             |       |     1 |       |       ||     1
       Bread ration      |       |     1 |     3 |       ||     4
       Royal jelly       |       |       |     2 |     1 ||     3
Armor: Skin              |       |    11 |    24 |     3 ||    38
Dodge: Dodged            |     7 |   130 |   189 |     8 ||   334
